 Dungeon Sprint DCSS version 0.28.0-43-g3370ac3207 (webtiles) character file.

Game seed: 2097758660853409742

10 boopmooplesden the Chopper (level 2, -8/42 HPs)
             Began as a Minotaur Berserker on Mar 1, 2022.
             Was a Believer of Trog.
             Mangled by a merfolk siren
             ... wielding a +0 spear
              (15 damage)
             ... in the Dungeon (Sprint II: "The Violet Keep of Menkaure").
             The game lasted 00:00:12 (272 turns).

boopmooplesden the Chopper (Minotaur Berserker)      Turns: 272, Time: 00:00:13

Health: -8/42      AC:  2    Str: 21    XL:     2   Next: 10%
Magic:  1/1        EV: 12    Int:  4    God:    Trog [**....]
Gold:   243        SH:  0    Dex:  9    Spells: 1/1 levels left

rFire   . . .      SeeInvis .   a - +0 hand axe
rCold   . . .      Faith    .   (no shield)
rNeg    . . .      Spirit   .   b - +0 animal skin
rPois   .          Reflect  .   (helmet restricted)
rElec   .          Harm     .   (no cloak)
rCorr   .          Rampage  .   (no gloves)
Will    .....      NoTele   +   (no boots)
Stlth   ..........              (no amulet)
HPRegen 0.14/turn               (no ring)
MPRegen 0.07/turn               (no ring)

@: berserking, very quick
A: horns 2, retaliatory headbutt
a: Renounce Religion, Berserk, Trog's Hand


You were in the Dungeon.
You worshipped Trog.
Trog was pleased with you.
You visited 1 branch You collected 243 gold pieces.

Inventory:

Hand Weapons
 a - a +0 hand axe (weapon)
Armour
 b - a +0 animal skin (worn)
Scrolls
 h - a scroll of blinking
Potions
 c - a potion of curing
 d - a potion of heal wounds
 e - a potion of haste
 f - 2 potions of magic
 g - a potion of berserk rage


   Skills:
 + Level 4.8 Fighting
 + Level 4.9 Axes
 + Level 2.9 Armour
 + Level 2.7 Dodging


You had one spell level left.
You didn't know any spells.
Your spell library was empty.

Dungeon Overview and Level Annotations

Branches:
Dungeon (1/1)

Altars:

Annotations:
D Roxanne


Innate Abilities, Weirdness & Mutations

You have a pair of horns on your head.
You reflexively headbutt those who attack you in melee.


Message History

You open the door.
Marking area around Roxanne as unsafe for travelling.
A worm comes into view.
There is an open door here.
You slash the worm! You headbutt the worm!
The worm is almost dead.
You hit the worm.
You kill the worm!
Trog accepts your kill.
You can now call upon Trog for regeneration and willpower.
You have reached level 2!
You close the door.
There is an open door here.
You open the door.
A merfolk siren comes into view. It is wielding a +0 spear.
Found 243 gold pieces.
A red film seems to cover your vision as you go berserk!
You feel yourself moving faster!
You feel mighty! The merfolk siren barely misses you.
You feel a strong urge to attack something.
The merfolk siren closely misses you.
There is an open door here.
You slash the merfolk siren!
The merfolk siren is lightly wounded.
The merfolk siren hits you with a +0 spear!
You barely miss the merfolk siren.
The merfolk siren is lightly wounded.
You hit the merfolk siren. You punch the merfolk siren.
The merfolk siren is moderately wounded.
The merfolk siren hits you with a +0 spear!!
* * * LOW HITPOINT WARNING * * *
You hit the merfolk siren.
The merfolk siren is moderately wounded.
You barely miss the merfolk siren.
The merfolk siren is moderately wounded.
The merfolk siren barely misses you.
You barely miss the merfolk siren. Your headbutt misses the merfolk siren.
The merfolk siren is moderately wounded.
The merfolk siren hits you with a +0 spear!
You die...

#≈≈#+++#+++##
≈≈≈.........#
#+## #†#.##
#.##..#
###..####
#'###.##
##.##...#
+.<.@m#
##.##...# #+#
#.## ##


You could see a merfolk siren.

Vanquished Creatures
  3 worms (D)
3 creatures vanquished.

Notes
Turn   | Place    | Note
-------+----------+-------------------------------------------
     0 | D        | boopmooplesden the Minotaur Berserker began the quest for
                  | the Orb.
     0 | D        | Reached XP level 1. HP: 19/19 MP: 0/0
   253 | D        | Noticed Roxanne
   256 | D        | Reached ** piety under Trog
   257 | D        | Reached XP level 2. HP: 28/28 MP: 1/1
   264 | D        | Noticed a merfolk siren
   272 | D        | Mangled by a merfolk siren

Illustrated notes

Levels and vault maps discovered:
D:        the_violet_keep_of_menkaure [sprint2_stairs_cluster_1,
          sprint2_shoproom, sprint2_temple, sprint2_basic_supplies,
          sprint2_obstacle_5, sprint2_obstacle_3, sprint2_obstacle_6,
          sprint2_obstacle_4, sprint2_obstacle_1, sprint2_timed_cluster_1,
          sprint2_smallroom_cluster_1, sprint2_smallroom_final_cluster_1,
          sprint2_transparent_cluster_1, sprint2_second_timed_cluster_1,
          sprint2_sniper_area_1, sprint2_heavy_combat_area_1,
          sprint2_mutation_trap_area_1, sprint2_forest_area_1,
          sprint2_light_combat_area_1, sprint2_behind_water_1,
          sprint2_near_end_vault_1]

Skill      XL: |  1 |
---------------+----+-----
Fighting       | 4 |  4.8
Axes           | 4 |  4.9
Armour         | |  2.9
Dodging        | |  2.7

Action                   || total
-------------------------++-------
Melee: Hand axe          ||    18
       Headbutt          ||     3
       Punch             ||     1
Invok: Berserk           ||     1
Dodge: Dodged            ||     6
